 Dungeon Crawl Stone Soup version 0.28.0-43-g3370ac3207 (webtiles) character file.

Game seed: 18347620184478469400

1244 Cykl0x the Digger (level 8, -7/43 HPs)
             Began as a Gargoyle Earth Elementalist on Mar 21, 2022.
             Was an Initiate of Vehumet.
             Mangled by Duvessa
             ... wielding a +0 short sword
              (17 damage)
             ... on level 6 of the Dungeon.
             The game lasted 00:14:19 (7327 turns).

Cykl0x the Digger (Gargoyle Earth Elementalist)     Turns: 7327, Time: 00:14:21

Health: -7/43      AC:  8    Str: 12    XL:     8   Next: 50%
Magic:  0/16       EV: 12    Int: 18    God:    Vehumet [......]
Gold:   248        SH:  0    Dex: 10    Spells: 8/17 levels left

rFire   . . .      SeeInvis .   t - +9 trident of a ziggurat {holy, Fly Stlth+}
rCold   . . .      Faith    .   (no shield)
rNeg    + . .      Spirit   .   b - +1 robe
rPois   ∞          Reflect  .   (no helmet)
rElec   +          Harm     .   (no cloak)
rCorr   .          Rampage  .   (no gloves)
Will    .....                   (no boots)
Stlth   +.........              (no amulet)
HPRegen 0.14/turn               (no ring)
MPRegen 0.15/turn               (no ring)

@: lit by a corona, flying, very slightly contaminated, glowing
A: sickness immunity, AC +5, negative energy resistance 1, electricity
resistance, torment resistance 1, petrification resistance
a: Renounce Religion


You were on level 6 of the Dungeon.
You worshipped Vehumet.
Vehumet was noncommittal.
You visited 2 branches of the dungeon, and saw 7 of its levels.

You collected 248 gold pieces.

Inventory:

Hand Weapons
 i - a +1 whip
 t - the +9 trident of a ziggurat (weapon) {holy, Fly Stlth+}
   (You found it on level 4 of the Dungeon)

   It has been blessed by the Shining One to cause great damage to the undead
   and demons.
   Fly:       It grants you flight.
   Stlth:     It makes you more stealthy.
Missiles
 c - 61 stones
Armour
 b - a +1 robe (worn)
 p - a +0 leather armour
Jewellery
 l - a ring of ice
 q - an amulet of the acrobat
Scrolls
 g - a scroll of noise
 k - 2 scrolls of fog
 r - a scroll of immolation
Potions
 a - a potion of curing
 d - 5 potions of magic
 e - 2 potions of brilliance {unknown}
 f - 2 potions of heal wounds {unknown}
 h - a potion of ambrosia {unknown}
 j - a potion of invisibility {unknown}
 m - a potion of haste {unknown}
 n - a potion of lignification {unknown}
 o - 2 potions of attraction {unknown}
 u - a potion of resistance {unknown}


   Skills:
 + Level 1.2 Fighting
 + Level 2.0 Maces & Flails
 + Level 1.2 Polearms
 + Level 2.3 Dodging
 - Level 2.1 Stealth
 + Level 5.3 Spellcasting
 * Level 5.7 Conjurations
 - Level 0.7 Transmutations
 + Level 6.8 Earth Magic


You had 8 spell levels left.
You knew the following spells:

 Your Spells              Type           Power      Damage    Failure   Level
a - Sandblast             Erth           58%        2d13      1%          1
b - Magic Dart            Conj           100%       1d8       1%          1
c - Stone Arrow           Conj/Erth      54%        3d10      3%          3
d - Searing Ray           Conj           50%        2d6       1%          2
e - Passwall              Tmut/Erth      15%        N/A       4%          2

Your spell library contained the following spells:

 Spells                   Type           Power      Damage    Failure   Level
 Corpse Rot               Necr/Air       8%         N/A       19%         2
 Ensorcelled Hibernation  Hex/Ice        8%         N/A       19%         2
 Poisonous Vapours        Pois/Air       8%         N/A       19%         2
 Petrify                  Tmut/Erth      18%        N/A       26%         4
 Ozocubu's Armour         Ice            4%         N/A       36%         3
 Summon Guardian Golem    Hex/Summ       4%         N/A       36%         3
 Swiftness                Air            4%         N/A       36%         3
 Fulminant Prism          Conj/Hex       7%         3d7       36%         4
 Orb of Destruction       Conj           12%        9d7       100%        7
 Ozocubu's Refrigeration  Ice            2%         4d5       100%        7
 Spellforged Servitor     Conj/Summ      7%         N/A       100%        7


Dungeon Overview and Level Annotations

Branches:
Dungeon (6/15)             Temple (1/1) D:4

Altars:
Ashenzari
Cheibriados
Dithmenos
Elyvilon
Fedhas
Gozag
Makhleb
Nemelex Xobeh
Okawaru
Qazlal
Ru
Trog
Uskayaw
Vehumet
Xom
The Shining One

Shops:
D:6 *

Annotations:
D:6 Duvessa


Innate Abilities, Weirdness & Mutations

You are immune to sickness and miasma.
Your stone body is resilient. (AC +5)
You are immune to poison.
You resist negative energy. (rN+)
You are resistant to electric shocks. (rElec)
You are resistant to unholy torment.
You are immune to petrification.


Message History

The searing ray misses Dowan.
The searing ray hits Duvessa but does no damage.
Duvessa is severely wounded.
Dowan points at you and mumbles some strange words.
The puff of flame hits you.
The searing ray hits Dowan.
Dowan is almost dead.
The searing ray hits Duvessa.
Duvessa is almost dead.
You finish channelling your searing ray.
Dowan smirks and points a slender finger.
Dowan gestures at you while chanting. The puff of frost hits you.
Reach: t) +9 trident of a ziggurat {holy, Fly Stlth+}
Press: ? - help, Dir - move target, f/p - Duvessa
Aim: Duvessa, wielding a +0 short sword and wearing a +0 ring mail (almost dead, about 28% to evade the +9 trident of a ziggurat) Dowan is in the way.
You puncture Dowan!
You kill Dowan!
Vehumet accepts your kill.
Duvessa screams in rage.
Duvessa goes berserk!
Duvessa hits you with a +0 short sword!
Casting: Searing Ray (safe; 1% risk of failure)
Confirm with . or Enter, or press ? or * to list all spells.
Aiming: Sandblast (safe; 1% risk of failure)
Press: ? - help, Shift-Dir - straight line, f/p - Duvessa
Aim: Duvessa, wielding a +0 short sword and wearing a +0 ring mail (almost dead, berserk, 86% to hit)
The blast of sand misses Duvessa.
c - 61 stones Duvessa hits you with a +0 short sword.
* * * LOW HITPOINT WARNING * * *
Duvessa barely misses you.
Casting: Sandblast (safe; 1% risk of failure)
Confirm with . or Enter, or press ? or * to list all spells.
Aiming: Sandblast (safe; 1% risk of failure)
Press: ? - help, Shift-Dir - straight line, f/p - Duvessa
Aim: Duvessa, wielding a +0 short sword and wearing a +0 ring mail (almost dead, berserk, 86% to hit)
You miscast Sandblast.
You are very lightly contaminated with residual magic.
Nothing appears to happen.
Duvessa hits you with a +0 short sword!
You die...

... #.##. #.# #....
#.########## ####.
#.##........ #....
...####...e..# #.##.
.........#.#.∩....
#.##. >..#####.#.#
#.... #.##. #e#.. ...
#.##. #@####### #
#.##. #####.......#
#.... #.........##.#
####. .....##.<#.##.#
#. #### #....##.# #>
#...#.#.##.# #.
###........#########.
#............†.....
.).##.###############


You could see Duvessa (berserk).

Vanquished Creatures
  3 water moccasins
  2 ogres
  A bullfrog (D:6)
  A scorpion (D:5)
  Dowan (D:6)
  4 wights (D:5)
  A centaur zombie (D:6)
  4 hounds
  An orc priest (D:4)
  2 jellies
  An iguana (D:5)
  2 adders (D:2)
  4 gnolls (D:4)
  A shadow imp (D:5)
  A white imp (D:3)
  2 ufetubi (D:4)
  An adder skeleton (D:5)
  A worm (D:2)
  A dart slug (D:1)
  4 orcs
  4 bats
  14 endoplasms
  2 giant cockroaches (D:2)
  4 goblins
  7 hobgoblins
  3 jackals (D:5)
  3 quokkas
  6 ball pythons
  2 frilled lizards (D:2)
  7 kobolds
  6 rats
96 creatures vanquished.

Vanquished Creatures (others)
  4 toadstools (D:1)
4 creatures vanquished.

Grand Total: 100 creatures vanquished

Notes
Turn   | Place    | Note
-------+----------+-------------------------------------------
     0 | D:1      | Cykl0x the Gargoyle Earth Elementalist began the quest for
                  | the Orb.
     0 | D:1      | Reached XP level 1. HP: 10/10 MP: 3/3
   435 | D:1      | Reached skill level 4 in Earth Magic
   435 | D:1      | Reached XP level 2. HP: 15/15 MP: 1/5
   491 | D:1      | Learned a level 1 spell: Magic Dart
   659 | D:1      | Found a faded altar of an unknown god.
   936 | D:1      | Reached skill level 1 in Conjurations
  1617 | D:2      | Reached XP level 3. HP: 19/19 MP: 1/6
  1621 | D:2      | Learned a level 3 spell: Stone Arrow
  2279 | D:2      | Identified the +0 robe "Zycsun" {Harm rPois rF- Str+3}
  2499 | D:2      | Learned a level 2 spell: Searing Ray
  2502 | D:2      | Reached XP level 4. HP: 24/24 MP: 5/7
  3361 | D:3      | Reached skill level 1 in Maces & Flails
  3626 | D:3      | Reached XP level 5. HP: 28/28 MP: 6/9
  4103 | D:3      | Found a burning altar of Makhleb.
  4104 | D:3      | Found a shadowy altar of Dithmenos.
  4104 | D:3      | Found a blossoming altar of Fedhas.
  4109 | D:3      | Found a bloodstained altar of Trog.
  4244 | D:4      | Reached skill level 5 in Earth Magic
  4375 | D:4      | Noticed a water moccasin
  4401 | D:3      | Killed a water moccasin
  4402 | D:3      | Reached XP level 6. HP: 13/33 MP: 0/11
  4978 | D:4      | Found a snail-covered altar of Cheibriados.
  5067 | D:4      | Reached XP level 7. HP: 37/37 MP: 3/13
  5164 | D:4      | Found a staircase to the Ecumenical Temple.
  5192 | Temple   | Entered the Ecumenical Temple
  5228 | Temple   | Became a worshipper of Vehumet
  5621 | D:4      | Found a shimmering altar of Xom.
  5621 | D:4      | Found a sparkling altar of Nemelex Xobeh.
  5645 | D:4      | Learned a level 2 spell: Passwall
  5707 | D:4      | Identified the +9 trident of a ziggurat {holy, Fly Stlth+}
  5722 | D:5      | Entered Level 5 of the Dungeon
  5762 | D:5      | Reached skill level 1 in Fighting
  5762 | D:5      | Reached skill level 6 in Earth Magic
  6412 | D:5      | Found a broken altar of Ashenzari.
  6457 | D:5      | Found an iron altar of Okawaru.
  6530 | D:5      | Reached XP level 8. HP: 36/43 MP: 0/15
  6648 | D:5      | Reached skill level 5 in Spellcasting
  6854 | D:5      | Reached skill level 5 in Conjurations
  7109 | D:6      | Reached skill level 1 in Polearms
  7307 | D:6      | Found Deacha's General Store.
  7309 | D:6      | Noticed Dowan
  7311 | D:6      | Noticed Duvessa
  7325 | D:6      | Killed Dowan
  7327 | D:6      | Mangled by Duvessa

Illustrated notes

Levels and vault maps discovered:
D:1:      ldierk_water_garden, layout_basic, basic_ecumenical_altar,
          minmay_misc_feat_columns, patterned_corridor
D:2:      layout_loops_ring, minmay_pentomino_pile
D:3:      layout_loops_ring, grunt_temple_overflow_open, st_stairs_3
D:4:      layout_loops_ring, old_standard_altar, nicolae_overflow_hidden_temple,
          minmay_temple_entry_stoned_glass, chequers_serial_rivers_micro_b
D:5:      layout_loops_ring, nicolae_ashenzari_panopticon,
          mainiacjoe_overflow_brackets, minivault_19
D:6:      layout_loops_cross, gammafunk_temple_of_torment, serial_shops, shop,
          minmay_ruined_shrine, uniq_grinder, uniq_duvessa
Temple:   jpeg_temple_island

Skill      XL: |  1  2  3  4  5  6  7  8 |
---------------+-------------------------+-----
Earth Magic    | 4 5 6 |  6.8
Conjurations   | 1 2 3 4 5 |  5.7
Maces & Flails | 1 2 |  2.0
Spellcasting   | 3 4 5 |  5.3
Dodging        | 2 |  2.3
Fighting       | 1 |  1.2
Polearms       | 1 |  1.2
Stealth        | |  2.1
Transmutations | |  0.7

Action                   |  1- 3 |  4- 6 |  7- 9 || total
-------------------------+-------+-------+-------++-------
Melee: Unarmed           |     8 |       |       ||     8
       Whip              |    23 |    34 |       ||    57
       Trident           |       |       |    17 ||    17
 Cast: Sandblast         |    32 |    19 |     6 ||    57
       Magic Dart        |    37 |    33 |    31 ||   101
       Stone Arrow       |     4 |    23 |    34 ||    61
       Passwall          |       |       |     1 ||     1
       Searing Ray       |       |       |     1 ||     1
  Use: Scroll            |     5 |     4 |     1 ||    10
Armor: Robe              |    13 |    26 |     4 ||    43
Dodge: Dodged            |    25 |    32 |    15 ||    72
